 Dungeon Crawl Stone Soup version 0.32-a0-656-g3542139ebd (webtiles) character file.

Game seed: 8114630907113751843

1251390 gimp the Conqueror (level 27, -7/273 HPs)
             Began as a Ghoul Gladiator on Mar 8, 2024.
             Was the Champion of Makhleb.
             Killed from afar by an iron giant (93 damage)
             ... with an iron shot
             ... on level 7 of the Iron City of Dis on Mar 9, 2024.
             The game lasted 04:42:27 (112294 turns).

gimp the Conqueror (Ghoul Gladiator)              Turns: 112294, Time: 04:42:27

Health: -7/273     AC: 35    Str: 31    XL:     27
Magic:  34/34      EV: 31    Int:  5    God:    Makhleb [******]
Gold:   2820       SH: 34    Dex: 19    Spells: 26/26 levels left

rFire   + + +        a - +9 broad axe (heavy)
rCold   + + +        V - +8 tower shield {reflect}
rNeg    + + +        J - +4 gold dragon scales
rPois   ∞            i - +3 crown of Dyrovepreva {rElec Int+2 SInv}
rElec   +            W - scarf {rC+ rF+}
rCorr   +            S - +3 pair of gauntlets of War {Slay+5}
SInv    +            M - +2 pair of boots {Stlth+}
Will    ++++.        z - amulet "Adeud" {Acrobat Will+ rCorr Str+3} Stlth
                     T - ring "Tucyicku" {rPois Will+ Int-4 Dex+3 Stlth+}
HPRegen 0.00/turn    P - ring "Gegg" {rF+ rC+ Str+2}
MPRegen 0.24/turn

%: reflection, acrobat
@: acrobatic, fragile (+50% incoming damage), inhibited regen, studying 3
skills, corroded
A: claws 1, cold resistance 1, negative energy resistance 3, inhibited
regeneration, torment resistance 2, devour on kill
}: 14/15 runes: serpentine, barnacled, slimy, silver, golden, obsidian, icy,
bone, abyssal, demonic, glowing, magical, fiery, dark
a: Renounce Religion, Minor Destruction, Lesser Servant of Makhleb, Major
Destruction, Greater Servant of Makhleb


You were on level 7 of the Iron City of Dis.
You worshipped Makhleb.
Makhleb was exalted by your worship.
You visited 18 branches of the dungeon, and saw 87 of its levels.
You visited Pandemonium 2 times, and saw 17 of its levels.
You visited the Abyss 3 times.
You visited 1 ziggurat, and saw 10 of its levels.

You collected 17582 gold pieces.
You spent 14762 gold pieces at shops.

Inventory:

Hand Weapons
 a - a +9 heavy broad axe (weapon)
 b - the +6 broad axe of Wu Jian's Displeasure {speed, *Rage rCorr Int+6 Dex-2}
   (You found it on level 3 of the Tomb of the Ancients)

   Int+6:     It affects your intelligence (+6).
   Dex-2:     It affects your dexterity (-2).
   *Rage:     It berserks you when you make melee attacks (+20% chance).
   rCorr:     It protects you from acid and corrosion.
 c - a +9 broad axe of freezing
Missiles
 j - 13 curare-tipped darts
 H - 9 throwing nets
Armour
 i - the +3 crown of Dyrovepreva (worn) {rElec Int+2 SInv}
   (You bought it in a shop on level 2 of the Orcish Mines)

   Int+2:     It affects your intelligence (+2).
   rElec:     It insulates you from electricity.
   SInv:      It lets you see invisible.
 t - the +1 pair of gloves "Xefeci" {Will+ Dex+3}
   (You bought it in a shop on level 2 of the Orcish Mines)

   Dex+3:     It affects your dexterity (+3).
   Will+:     It increases your willpower.
 J - +4 gold dragon scales (worn)
 M - a +2 pair of boots of stealth (worn)
 S - the +3 pair of gauntlets of War (worn) {Slay+5}
   (You bought it in a shop on level 4 of the Vaults)

   Slay+5:    It affects your accuracy & damage with ranged weapons and melee
   (+5).
 V - a +8 tower shield of reflection (worn)
 W - a scarf of resistance (worn)
Jewellery
 p - a ring of flight
 z - the amulet "Adeud" (around neck) {Acrobat Will+ rCorr Str+3}
   (You found it in Pandemonium)

   [amulet of the acrobat]

   Acrobat:   It increases your evasion while moving and waiting.
   Str+3:     It affects your strength (+3).
   Will+:     It increases your willpower.
   rCorr:     It protects you from acid and corrosion.
 A - a +5 ring of evasion
 B - the amulet of Bodaim {Spirit rElec Str+4}
   (You bought it in a shop on level 1 of the Vaults)

   [amulet of guardian spirit]

   Spirit:    It causes incoming damage to be divided between your reserves of
   health and magic.
   Str+4:     It affects your strength (+4).
   rElec:     It insulates you from electricity.
 K - the ring of the Burning Gods {rN+ Will+ rCorr}
   (You bought it in a shop on level 1 of the Depths)

   [ring of positive energy]

   rN+:       It protects you from negative energy.
   Will+:     It increases your willpower.
   rCorr:     It protects you from acid and corrosion.
 P - the ring "Gegg" (right hand) {rF+ rC+ Str+2}
   (You found it on level 9 of a ziggurat)

   [ring of protection from cold]

   Str+2:     It affects your strength (+2).
   rF+:       It protects you from fire.
   rC+:       It protects you from cold.
 T - the ring "Tucyicku" (left hand) {rPois Will+ Int-4 Dex+3 Stlth+}
   (You found it on level 4 of the Snake Pit)

   [ring of willpower]

   Int-4:     It affects your intelligence (-4).
   Dex+3:     It affects your dexterity (+3).
   rPois:     It protects you from poison.
   Will+:     It increases your willpower.
   Stlth+:    It makes you more stealthy.
Wands
 g - a wand of light (38)
 y - a wand of warping (107)
 D - a wand of flame (197)
 G - a wand of digging (23)
Scrolls
 d - 3 scrolls of summoning
 f - 10 scrolls of fear
 h - 14 scrolls of fog
 n - 15 scrolls of teleportation
 u - 18 scrolls of poison
 w - 10 scrolls of silence
 L - 5 scrolls of torment
 N - a scroll of revelation
 O - 12 scrolls of blinking
Potions
 k - 4 potions of enlightenment
 l - 3 potions of haste
 m - 3 potions of invisibility
 q - 8 potions of resistance
 r - 22 potions of curing
 s - 7 potions of heal wounds
 x - 3 potions of magic
 F - 6 potions of ambrosia
 Q - 2 potions of cancellation
 Z - 3 potions of might
Miscellaneous
 o - the horn of Geryon
 v - a phial of floods
 C - a tin of tremorstones (2/2)
 I - a lightning rod (4/4)
 R - a phantom mirror
 X - a box of beasts


   Skills:
 O Level 27 Fighting
 O Level 27 Axes
 - Level 6.0 Throwing
 O Level 27 Armour
 + Level 14.9 Dodging
 O Level 27 Shields
 - Level 15.0 Invocations
 * Level 24.3 Evocations


You had 26 spell levels left.
You didn't know any spells.
Your spell library contained the following spells:

 Spells                   Type           Power      Damage    Failure   Level
 Apportation              Tloc           0%         N/A       95%         1
 Foxfire                  Conj/Fire      0%         2x1d4     95%         1
 Freeze                   Ice            0%         1d3       95%         1
 Kiss of Death            Conj/Necr      0%         2d5       95%         1
 Magic Dart               Conj           0%         1d3       95%         1
 Necrotise                Necr           0%         1d4       95%         1
 Sandblast                Erth           0%         2d4       95%         1
 Slow                     Hex            0%         N/A       95%         1
 Sting                    Conj/Alch      0%         1d3       95%         1
 Summon Small Mammal      Summ           0%         N/A       95%         1
 Blink                    Tloc           0%         N/A       99%         2
 Call Imp                 Summ           0%         N/A       99%         2
 Cigotuvi's Dreadful Rot  Necr/Alch/Air  0%         N/A       99%         2
 Ensorcelled Hibernation  Hex/Ice        0%         N/A       99%         2
 Jinxbite                 Hex            0%         N/A       99%         2
 Lesser Beckoning         Tloc           0%         N/A       99%         2
 Mercury Vapours          Alch/Air       0%         N/A       99%         2
 Momentum Strike          Conj/Tloc      0%         3d8       99%         2
 Scorch                   Fire           0%         2d5       99%         2
 Static Discharge         Conj/Air       0%         3-3/arc   99%         2
 Call Canine Familiar     Summ           0%         N/A       100%        3
 Dazzling Flash           Conj/Hex       0%         N/A       100%        3
 Frozen Ramparts          Ice            0%         1d1       100%        3
 Fugue of the Fallen      Necr           0%         N/A       100%        3
 Gell's Gravitas          Tloc           0%         N/A       100%        3
 Hailstorm                Conj/Ice       0%         3d5       100%        3
 Inner Flame              Hex/Fire       0%         N/A       100%        3
 Mephitic Cloud           Conj/Alch/Air  0%         N/A       100%        3
 Ozocubu's Armour         Ice            0%         N/A       100%        3
 Passwall                 Erth           0%         N/A       100%        3
 Sigil of Binding         Hex            0%         N/A       100%        3
 Stone Arrow              Conj/Erth      0%         3d7       100%        3
 Summon Ice Beast         Ice/Summ       0%         N/A       100%        3
 Swiftness                Air            0%         N/A       100%        3
 Teleport Other           Tloc           0%         N/A       100%        3
 Tukima's Dance           Hex            0%         N/A       100%        3
 Vampiric Draining        Necr           0%         2d6       100%        3
 Volatile Blastmotes      Fire/Tloc      0%         2d10      100%        3
 Airstrike                Air            0%         2d(0-16)  100%        4
 Anguish                  Hex/Necr       0%         N/A       100%        4
 Animate Armour           Summ/Erth      0%         N/A       100%        4
 Animate Dead             Necr           0%         N/A       100%        4
 Brom's Barrelling Bould  Conj/Erth      0%         2d3       100%        4
 Cause Fear               Hex            0%         N/A       100%        4
 Dimensional Bullseye     Hex/Tloc       0%         N/A       100%        4
 Flame Wave               Conj/Fire      0%         2d4       100%        4
 Fulminant Prism          Conj/Alch      0%         3d5       100%        4
 Ignite Poison            Fire/Alch      0%         N/A       100%        4
 Iskenderun's Mystic Bla  Conj/Tloc      0%         2d3       100%        4
 Leda's Liquefaction      Alch/Erth      0%         N/A       100%        4
 Manifold Assault         Tloc           0%         N/A       100%        4
 Martyr's Knell           Necr/Summ      0%         N/A       100%        4
 Olgreb's Toxic Radiance  Alch           0%         N/A       100%        4
 Petrify                  Alch/Erth      0%         N/A       100%        4
 Sticky Flame             Fire/Alch      0%         2d4       100%        4
 Summon Blazeheart Golem  Fire/Summ      0%         N/A       100%        4
 Summon Lightning Spire   Summ/Air       0%         N/A       100%        4
 Vhi's Electric Charge    Tloc/Air       0%         N/A       100%        4
 Alistair's Intoxication  Alch           0%         N/A       100%        5
 Arcjolt                  Conj/Air       0%         1d10      100%        5
 Borgnjor's Vile Clutch   Necr/Erth      0%         N/A       100%        5
 Curse of Agony           Necr           0%         N/A       100%        5
 Fireball                 Conj/Fire      0%         3d3       100%        5
 Freezing Cloud           Conj/Ice/Air   0%         6-21      100%        5
 Iskenderun's Battlesphe  Conj           0%         2d6       100%        5
 Lee's Rapid Deconstruct  Erth           0%         3d4*      100%        5
 Metabolic Englaciation   Hex/Ice        0%         N/A       100%        5
 Silence                  Hex/Air        0%         N/A       100%        5
 Summon Forest            Summ/Tloc      0%         N/A       100%        5
 Summon Mana Viper        Hex/Summ       0%         N/A       100%        5
 Yara's Violent Unravell  Hex/Alch       0%         3d3       100%        5
 Bombard                  Conj/Erth      0%         9d1       100%        6
 Conjure Ball Lightning   Conj/Air       0%         3x3d6     100%        6
 Death Channel            Necr           0%         N/A       100%        6
 Dispersal                Tloc           0%         N/A       100%        6
 Eringya's Noxious Bog    Alch           0%         4d6       100%        6
 Plasma Beam              Fire/Air       0%         2x1d10    100%        6
 Sculpt Simulacrum        Ice/Alch       0%         N/A       100%        6
 Starburst                Conj/Fire      0%         6d3       100%        6
 Summon Cactus Giant      Summ           0%         N/A       100%        6
 Enfeeble                 Hex            0%         N/A       100%        7
 Malign Gateway           Summ/Tloc      0%         N/A       100%        7
 Orb of Destruction       Conj           0%         9d5       100%        7
 Ozocubu's Refrigeration  Ice            0%         4d7       100%        7
 Spellforged Servitor     Conj/Summ      0%         N/A       100%        7
 Summon Hydra             Summ           0%         N/A       100%        7
 Discord                  Hex            0%         N/A       100%        8
 Disjunction              Tloc           0%         N/A       100%        8
 Ignition                 Fire           0%         3d3       100%        8
 Lehudib's Crystal Spear  Conj/Erth      0%         10d2      100%        8
 Maxwell's Capacitive Co  Air            0%         ∞         100%        8
 Summon Horrible Things   Summ           0%         N/A       100%        8
 Chain Lightning          Conj/Air       0%         N/A       100%        9
 Dragon's Call            Summ           0%         N/A       100%        9
 Fire Storm               Conj/Fire      0%         5d1       100%        9
 Polar Vortex             Ice            0%         N/A       100%        9
 Shatter                  Erth           0%         3d5*      100%        9


Dungeon Overview and Level Annotations

Branches:
Dungeon (15/15)            Temple (1/1) D:7            Lair (5/5) D:8
 Shoals (4/4) Lair:3        Snake (4/4) Lair:3        Slime (5/5) Lair:4
    Orc (2/2) D:11            Elf (3/3) Orc:2        Vaults (5/5) D:14
  Crypt (3/3) Vaults:3       Tomb (3/3) Crypt:3      Depths (4/4) D:15
   Hell (visited)             Dis (7/7) Hell            Geh (7/7) Hell
    Coc (7/7) Hell            Tar (7/7) Hell            Zot (5/5) Depths:4

Altars:
Ashenzari
Cheibriados
Dithmenos
Fedhas
Gozag
Hepliaklqana
Kikubaaqudgha
Makhleb
Nemelex Xobeh
Okawaru
Qazlal
Ru
Sif Muna
Trog
Uskayaw
Vehumet
Wu Jian
Xom
Yredelemnul
Beogh
Jiyva
Lugonu

Shops:
Orc:2 [(*:   Elf:1 *   Elf:2 *   Elf:3 (   Shoals:1 *(*[   Shoals:2 (
Shoals:4 :   Snake:1 *(*?*   Snake:3 =   Vaults:1 (=:(   Vaults:2 ?
Vaults:3 [   Vaults:4 [*   Vaults:5 ????   Depths:1 **

Portals:
Hell: Depths:1 Depths:2 Depths:3 Depths:4
Abyss: Depths:1 Depths:2 Depths:3 Depths:4
Pandemonium: Depths:2
Ziggurat: Depths:1

Annotations:
Elf:3 1 transporter, Seujilaa's ghost, journeyman HuNe
Crypt:3 1 transporter, Maniurphykhlu's ghost, adept MiFi
Tomb:2 Boris
Depths:1 exclusion: angel
Geh:7 Asmodeus
Tar:7 Ereshkigal
Zot:5 1 exclusion


Innate Abilities, Weirdness & Mutations

You are immune to poison.
You have sharp fingernails.
Your flesh is cold resistant. (rC+)
You are immune to negative energy. (rN+++)
You do not regenerate when monsters are visible.
You are immune to unholy pain and torment.
You thrive by killing the living.


Message History

Your Executioner hits the iron golem!!
Your Executioner hits the iron golem but does no damage. x2
Your Executioner hits the iron golem!! Your Executioner hits the iron golem.
Your Executioner hits the iron golem but does no damage.
An iron giant opens the door.
You block the iron giant's attack.
A crystal echidna comes into view.
Your Executioner hits the iron golem but does no damage. x3
You barely miss the iron giant.
The iron giant is heavily wounded.
Your Executioner hits the iron golem!
Your Executioner hits the iron golem but does no damage.
Your Executioner hits the iron golem!
Your Executioner hits the iron golem but does no damage. x3
The iron giant hits you with a +0 giant spiked club!!!
The iron giant fires a harpoon shot at you.
Your +8 tower shield of reflection blocks the harpoon shot... and reflects it back!
The harpoon shot hits the iron giant!!
The crystal echidna flicks its quills at you.
The volley of spikes skewers you but does no damage.
Your Executioner hits the iron golem!
Your Executioner hits the iron golem but does no damage. x2
The iron golem hits your Executioner! The iron golem hits your Executioner!!
Your Executioner dies!
Your Executioner disappears in a puff of smoke!
The iron golem squeaks loudly.
You take 44 damage, and have 229/273 hp.
You hit the iron giant but do no damage.
The iron giant is heavily wounded.
You block the iron giant's attack.
The iron giant throws the crystal echidna at you!
You block the crystal echidna's attack. x2
You take 18 damage, and have 211/273 hp.
You slash the iron giant!
The iron giant is heavily wounded.
You slice the crystal echidna!! You block the iron giant's attack.
You block the crystal echidna's attack.
You open the iron giant like a pillowcase!!!!
The iron giant is almost dead.
You hit the crystal echidna. You block the crystal echidna's attack.
You carve the iron giant like a ham!!!
You kill the iron giant!
Makhleb accepts your kill.
You feel better.
You slash the crystal echidna! You slice the iron golem!!
You hit the iron giant but do no damage.
You block the iron giant's attack.
The crystal echidna flicks its quills at you.
The crystallizing shot hits you.
Your body becomes as fragile as glass!
The iron golem hits you but does no damage.
You block the iron golem's attack.
You regained 28 hp, and now have 239/273 hp.
You barely miss the crystal echidna.
The crystal echidna is severely damaged.
You hit the iron golem. You slash the iron giant!
The iron giant hits you with a +0 giant spiked club!!!
The crystal echidna misses you. You block the iron golem's attack. x2
You take 75 damage, and have 164/273 hp.
MASSIVE DAMAGE!!
You chop the crystal echidna into pieces!!!!
You destroy the crystal echidna!
Makhleb accepts your kill.
You feel better.
You hit the iron golem but do no damage.
You completely miss the iron giant.
The iron giant points at you and mumbles some strange words.
Your +8 tower shield of reflection blocks the iron shot... and reflects it back!
The iron shot hits the iron giant!!!
You block the iron golem's attack. x2
You regained 7 hp, and now have 171/273 hp.
You slash the iron giant!
The iron giant is heavily wounded.
You barely miss the iron golem.
The iron giant hits you but does no damage.
You block the iron golem's attack. x2
You slash the iron giant!
The iron giant is heavily wounded.
You slice the iron golem!!
The iron giant hits you with a +0 giant spiked club!!!
The iron golem hits you but does no damage.
You block the iron golem's attack.
You take 55 damage, and have 116/273 hp.
MASSIVE DAMAGE!!
You are too injured to fight recklessly!
You slash the iron giant!
The iron giant is heavily wounded.
You slice the iron golem!!
The iron giant gestures at you while chanting.
The iron shot hits you. You block the iron golem's attack.
The iron golem hits you but does no damage.
You take 6 damage, and have 110/273 hp.
Unknown command.
Unknown command.
You block the iron giant's attack.
The iron giant throws the iron golem at you!
You take 24 damage, and have 86/273 hp.
The iron giant fires a harpoon shot at you.
Your +8 tower shield of reflection blocks the harpoon shot... and reflects it back!
The harpoon shot hits the iron giant!
You block the iron golem's attack. The iron golem closely misses you.
The iron giant casts a spell at you. The iron shot hits you!!!
You die...

,,,,,,ß,,#...+.....##############
,,,,,,,,,*...#.......#.#.#..#∩.#.
,,,,#######'##.......#......#....
,,,,#.....#................###..)
,,,,#.....'.....9....^......#..).
,,,,#.....#................###...
,,,,#.....'.C.9.....).......#....
,,,,#.....#......................
**,,#######...##@..##...##.....##
***** #######################


You could see an iron golem, an iron giant and a war gargoyle.

Vanquished Creatures
  Antaeus (Coc:7)
  the Royal Jelly (Slime:5)
  Mnoleg (Pan)
  Ignacio (Pan)
  Lom Lobon (Pan)
  Gloorx Vloq (Pan)
  10 dread liches
  Frederick (Depths:4)
  An orb of fire (Zot:2)
  3 ancient liches
  Mennas (Pan)
  9 royal mummies
  Sojobo (Depths:2)
  Bai Suzhen (Depths:1)
  5 Killer Klowns
  Boris (Elf:3)
  Josephina (Depths:3)
  4 pandemonium lords (Pan)
  Vashnia (Snake:2)
  Geryon (Hell)
  the Lernaean hydra (D:15)
  3 curse toes
  18 shard shrikes
  8 caustic shrikes
  The ghost of Ciogh the Victor of a Thousand Battles, a veteran GnWn of Okawaru (Depths:4)
  6 golden dragons
  18 profane servitors
  Jory (Vaults:4)
  An electric golem (Zot:3)
  15 Tzitzimimeh
  12 bone dragons
  7 doom hounds
  18 Brimstone Fiends
  2 iron giants
  29 Ice Fiends
  2 spectral shard shrikes
  8 hellephants
  The ghost of bakla the Warrior, an adept CoWn of Okawaru (Snake:4)
  16 tainted leviathans
  11 tentacled monstrosities
  14 Hell Sentinels
  14 titans
  A shard shrike skeleton (Crypt:2)
  3 deep elf master archers (Elf:3)
  13 acid blobs
  3 walking frostbound tomes (Pan)
  7 liches
  8 quicksilver dragons
  3 deep elf blademasters (Elf:3)
  32 searing wretches
  Polyphemus (Shoals:3)
  The ghost of Eluacum the Metamorph, an adept TrSh of Cheibriados (Shoals:2)
  The ghost of Zuniegot the Metamorph, an adept TrSh of Cheibriados (Shoals:2)
  22 ancient champions
  Murray (Hell)
  12 sphinxes
  6 death cobs
  2 eldritch tentacles (Pan)
  4 tentacled starspawn
  17 storm dragons
  5 shadow dragons
  26 Executioners (Pan)
  9 tengu reavers
  Kirke (D:13)
  2 fenstrider witches (Pan)
  Aizul (Elf:3)
  8 draconian monks
  11 nagarajas
  5 rockslimes
  6 revenants
  4 demonspawn warmongers (Pan)
  9 protean progenitors
  5 draconian knights
  10 narguns
  8 azure jellies
  Ilsuiw (Shoals:3)
  38 balrugs
  19 fire giants
  The ghost of KSaturn the Cleaver, a journeyman MDRe of Yredelemnul (Snake:2)
  4 quicksilver elementals
  A spectral juggernaut (Tar:7)
  An iron dragon (Depths:3)
  4 draconian shifters
  3 ghost moths
  7 draconian scorchers
  14 frost giants
  10 deep elf sorcerers
  A daeva (Abyss:4)
  23 vault wardens
  6 ghouls
  3 spectral caustic shrikes
  5 curse skulls
  3 shard shrike simulacra
  12 demonspawn corrupters (Pan)
  25 ironbound preservers
  2 orc warlords
  A caustic shrike zombie (Crypt:1)
  3 juggernaut zombies
  A broodmother (Zot:3)
  5 angels
  2 deep elf elementalists (Elf:3)
  24 reapers
  2 draconian annihilators
  3 draconian stormcallers
  24 cacodemons
  9 formless jellyfish
  8 demonspawn blood saints
  5 juggernaut skeletons
  13 stone giants
  2 caustic shrike skeletons
  14 quicksilver oozes
  12 very ugly things
  8 deep elf annihilators (Elf:3)
  Nessos (D:13)
  14 ironbound thunderhulks
  7 deep elf demonologists
  10 deep elf death magi
  24 elemental wellsprings
  2 apis (Zig:4)
  21 putrid mouths
  6 green draconians
  A spectral titan (Tar:1)
  9 wendigos
  2 ophanim
  4 bennus
  13 dire elephants
  4 vampire knights
  10 red draconians
  7 lorocyprocas
  11 demonspawn black suns
  8 black draconians
  5 white draconians
  5 spark wasps
  11 war gargoyles
  4 bunyips (Pan)
  The ghost of rbyellow5 the Bludgeoner, a journeyman MDFi of the Shining One (D:13)
  13 yellow draconians
  11 green deaths
  A quicksilver dragon zombie (Hell)
  5 purple draconians
  16 mummy priests
  A crystal guardian (Vaults:3)
  24 blizzard demons
  7 merfolk impalers
  20 jiangshi
  9 ettins
  A merfolk javelineer (Lair:3)
  A spectral kraken (Tar:7)
  4 eidola
  4 spectral spriggans
  4 fire dragons
  An entropy weaver (Vaults:1)
  7 iron golems
  12 yaktaur captains
  4 deep elf high priests (Elf:3)
  10 great orbs of eyes
  33 vault guards
  2 hell beasts
  A peacekeeper (Vaults:3)
  A kraken zombie (Hell)
  Harold (Lair:2)
  10 caustic shrike simulacra
  20 hydras
  9 ice dragons
  2 spriggan skeletons
  3 rakshasas
  17 anacondas
  5 jorogumos (Pan)
  9 juggernaut simulacra
  5 ogre magi
  2 quicksilver dragon skeletons (Crypt:2)
  6 salamander tyrants
  An alligator snapping turtle (Shoals:1)
  18 centaur warriors
  9 ironbound frosthearts
  A merfolk avatar (Shoals:4)
  2 radroaches (Zot:3)
  9 satyrs
  5 catoblepae
  A death knight (D:14)
  3 two-headed ogres
  22 dancing weapons
  5 merfolk aquamancers
  2 spectral stone giants (Tar:3)
  8 boulder beetles
  11 death yaks
  13 stokers
  10 tengu warriors
  2 spectral dire elephants
  23 death scarabs
  7 orc high priests
  An Orb Guardian skeleton (Crypt:1)
  A deep troll shaman (Depths:4)
  48 hell hogs
  3 spriggan berserkers
  8 vampire magi
  A titan zombie (Hell)
  82 sun demons
  16 naga sharpshooters
  19 naga warriors
  19 shock serpents
  2 thrashing horrors (Abyss:4)
  Sonja (D:13)
  4 deep troll earth magi
  31 soul eaters
  8 hell knights
  6 crystal echidnas
  17 deep elf knights
  12 demonic crawlers
  6 hellephant skeletons (Pan)
  2 skysharks
  A spectral storm dragon (Tar:1)
  6 iron trolls
  2 spectral bunyips
  21 skeletal warriors
  10 salamander mystics
  A wretched star (Abyss:4)
  2 shadow wraiths
  A spectral catoblepas (Tar:1)
  2 bunyip zombies (Crypt:3)
  A golden dragon zombie (Hell)
  33 large abominations
  10 sea snakes
  A cherub (Pan)
  A death drake (Pan)
  35 sixfirhies
  A mana viper (shapeshifter) (Depths:3)
  8 arcanists
  9 flayed ghosts
  4 quicksilver dragon simulacra
  2 spectral anacondas (Tar:3)
  22 shadow demons (Pan)
  2 bog bodies (Crypt:1)
  2 spatial maelstroms (Abyss:4)
  A glowing orange brain (Vaults:4)
  2 spectral hydras
  A spectral iron dragon (Tar:3)
  A golden dragon skeleton (Crypt:2)
  52 deep trolls
  A steelbarb worm (Abyss:4)
  A fenstrider witch simulacrum (Coc:1)
  27 lindwurms
  13 mana vipers
  15 sun moths (Pan)
  A shadow dragon zombie (Depths:2)
  18 ironbound convokers
  5 naga ritualists
  17 harpies
  An anaconda skeleton (Crypt:2)
  34 deep elf zephyrmancers
  A bunyip skeleton (Crypt:2)
  4 thermic dynamos
  6 necromancers
  11 phantasmal warriors
  35 deep elf pyromancers
  An iron giant skeleton (Tomb:3)
  25 starcursed masses (Abyss:4)
  19 deep elf archers
  Pikel (D:7)
  2 stone giant zombies
  10 orc knights
  2 tengu zombies (Hell)
  18 ugly things
  18 fauns
  17 manticores
  Maurice (D:8)
  A spectral ettin (Tar:2)
  28 moths of wrath
  A shining eye (shapeshifter) (Vaults:3)
  7 shining eyes
  2 frost giant zombies
  6 orc sorcerers
  A faun (shapeshifter) (Elf:1)
  11 cyclopes
  A will-o-the-wisp (Abyss:4)
  2 spectral centaurs
  A meliai (shapeshifter) (D:11)
  29 salamanders
  A spectral alligator snapping turtle (Tar:3)
  3 merfolk sirens
  An elephant (shapeshifter) (Elf:1)
  9 titan simulacra
  3 meliai (D:13)
  47 black mambas
  6 eyes of devastation
  4 Executioner simulacra (Pan)
  2 dire elephant zombies
  2 fire giant skeletons (Depths:2)
  A black mamba (shapeshifter) (D:11)
  5 ice statues (Pan)
  4 kobold blastminers
  9 elephants
  3 apocalypse crabs
  14 naga magi
  A centaur zombie (Tomb:2)
  9 guardian serpents
  12 rust devils
  51 smoke demons
  A water nymph (shapeshifter) (Vaults:4)
  2 molten gargoyles (Hell)
  18 vault sentinels
  7 water nymphs
  2 gargoyles
  3 spectral swamp worms (Tar:7)
  19 orange demons
  A storm dragon simulacrum (Coc:1)
  Maggie (D:6)
  A torpor snail (Lair:3)
  9 cane toads
  An alligator snapping turtle zombie (Crypt:3)
  4 rime drakes
  A centaur skeleton (Tomb:3)
  7 unseen horrors
  23 hellions
  12 efreet
  15 komodo dragons
  A spriggan zombie (Hell)
  3 golden dragon simulacra
  A sea snake zombie (Hell)
  14 tormentors
  10 anaconda simulacra
  5 ancient zymes (Abyss:4)
  5 tengu conjurers
  A bunyip simulacrum (Coc:1)
  3 iron giant simulacra
  10 red devils
  9 freezing wraiths
  32 yaktaurs
  A pale draconian skeleton (Crypt:2)
  14 ice devils
  2 hydra zombies (Hell)
  22 guardian mummies
  2 queen bees (shapeshifter) (D:11)
  A death drake zombie (Crypt:2)
  9 trolls
  4 polar bears
  18 hellwings
  11 spectral harpies
  21 merfolk
  A shadow dragon simulacrum (Coc:1)
  3 silent spectres
  A hornet (D:10)
  8 raiju (Abyss:4)
  A moth of wrath zombie (Crypt:3)
  4 wind drakes
  7 glass eyes
  A spectral swamp dragon (Tar:1)
  16 dream sheep
  2 hydra skeletons
  A blink frog (shapeshifter) (D:15)
  An ettin zombie (Crypt:1)
  8 snapping turtles
  4 harpy skeletons
  An ice dragon skeleton (Crypt:3)
  2 stone giant simulacra
  3 iron dragon simulacra
  2 air elementals
  6 fire dragon skeletons (Crypt:2)
  72 slime creatures
  63 yaks
  29 ynoxinuls
  4 wyverns
  5 dire elephant simulacra
  16 water elementals
  6 wraiths
  19 ushabtiu
  A wyvern (shapeshifter) (Elf:1)
  15 fire bats
  An alligator snapping turtle simulacrum (Coc:1)
  10 golden eyes
  A human (shapeshifter) (Elf:1)
  4 basilisks
  2 hogs (D:13)
  A redback (shapeshifter) (Elf:1)
  3 humans (D:14)
  8 vampire mosquitoes
  15 neqoxecs
  A black mamba skeleton (Tomb:2)
  2 golden eyes (shapeshifter)
  3 fire elementals
  2 steam dragons
  2 wargs
  A glowing shapeshifter zombie (Hell)
  3 redbacks (Vaults:1)
  48 chaos spawn
  A spatial vortex (Abyss:4)
  17 harpy simulacra
  A hydra simulacrum (Coc:2)
  A faun skeleton (Crypt:2)
  40 nagas
  2 acid dragons
  21 water moccasins
  Duvessa (D:6)
  4 black bears
  52 orc warriors
  2 meliai simulacra (D:12)
  4 ice beasts
  4 sky beasts
  6 spriggan simulacra
  3 ettin simulacra
  43 laughing skulls
  22 ogres
  A black mamba simulacrum (Coc:1)
  15 wolves
  A vine stalker zombie (Crypt:3)
  2 centaurs
  4 weeping skulls (Abyss:4)
  2 phantoms
  2 kobold brigands
  4 lemures (D:6)
  A brain worm (Abyss:4)
  A glowing shapeshifter simulacrum (Depths:3)
  14 bullfrogs
  An earth elemental (Elf:1)
  11 small abominations
  3 gnoll sergeants
  2 naga simulacra
  A wyvern zombie (Crypt:1)
  7 wights
  Dowan (D:6)
  19 killer bees
  2 howler monkeys
  A vampire bat (Lair:1)
  4 electric eels
  A polar bear skeleton (Crypt:1)
  4 crimson imps (Depths:1)
  3 lava snakes (Lair:3)
  A jelly (shapeshifter) (Depths:3)
  4 hounds
  2 jellies
  Crazy Yiuf (D:6)
  3 bombardier beetles (D:5)
  33 orc priests
  A bullfrog skeleton (Crypt:3)
  A gnoll bouda (D:8)
  An iron imp (Abyss:4)
  2 iguanas (D:6)
  A sleepcap (D:4)
  16 orc wizards
  A black bear skeleton (Crypt:2)
  10 hell rats
  An ogre zombie (Crypt:1)
  A naga skeleton (Crypt:1)
  A hound zombie (Crypt:3)
  27 mummies
  Robin (D:2)
  20 gnolls
  11 adders
  4 white imps
  A lava snake skeleton (Crypt:2)
  3 dart slugs
  2 ribbon worms
  93 orcs
  9 endoplasms
  6 giant cockroaches
  15 goblins
  7 hobgoblins
  7 jackals
  13 kobolds
  2 quokkas
  6 ball pythons
  A ball python skeleton (Crypt:1)
  10 bats
  A frilled lizard (D:3)
  4 rats
  A river rat skeleton (Crypt:1)
  2 aspiring fleshes
  5 ball lightnings (Pan)
  A butterfly (Zot:1)
  3 creeping infernos
  24 fire vortices
  2 spectral weapons (Zot:3)
  5 starspawn tentacles (Abyss:4)
  7 tentacles
3972 creatures vanquished.

Vanquished Creatures (collateral kills)
  A juggernaut (Depths:4)
  A royal mummy (Tomb:3)
  Vv (Depths:4)
  6 caustic shrikes
  2 pandemonium lords
  A profane servitor (Tar:7)
  A bone dragon (Tar:6)
  6 Tzitzimimeh
  A doom hound (Tar:6)
  2 tainted leviathans
  2 Hell Sentinels
  A lich (Tomb:3)
  3 acid blobs
  A tentacled starspawn (Abyss:4)
  2 ancient champions
  Frances (D:13)
  Agnes (Elf:2)
  A rockslime (Slime:2)
  A daeva (Abyss:4)
  An azure jelly (Slime:2)
  2 revenants
  A draconian monk (Zot:2)
  A vault warden (Vaults:2)
  2 fire giants (Depths:1)
  A balrug (Zig:10)
  2 draconian scorchers (Zot:2)
  A cacodemon (Zig:10)
  A reaper (Tar:7)
  3 quicksilver oozes
  A demonspawn black sun (Zot:2)
  3 putrid mouths (Tar:7)
  2 war gargoyles (Dis:7)
  A merfolk javelineer (Shoals:4)
  2 merfolk impalers
  4 mummy priests
  4 rakshasas (Depths:1)
  An ice dragon (shapeshifter) (Depths:1)
  A hydra (D:15)
  A fenstrider witch zombie (Crypt:3)
  A death knight (D:15)
  A dancing weapon (Elf:2)
  A thrashing horror (Abyss:4)
  3 merfolk aquamancers (Shoals:4)
  2 spriggan berserkers
  4 sun demons
  A hell knight (Depths:4)
  3 spriggans (Depths:3)
  A skyshark (shapeshifter) (Depths:1)
  A sixfirhy (Pan)
  3 skeletal warriors
  A flayed ghost (Depths:1)
  A harpy (Shoals:4)
  3 deep elf pyromancers
  2 deep elf zephyrmancers
  A shining eye (Slime:4)
  A manticore (shapeshifter) (Depths:1)
  A will-o-the-wisp (Abyss:4)
  2 large abominations (Abyss:4)
  A merfolk siren (Shoals:3)
  A smoke demon (Pan)
  A guardian serpent (shapeshifter) (Depths:1)
  A water nymph (Shoals:4)
  A centaur skeleton (Crypt:3)
  5 spectral swamp worms (Tar:7)
  An ice devil (Zig:10)
  7 guardian mummies
  2 red devils (Zig:10)
  2 tormentors
  A polar bear (shapeshifter) (Depths:1)
  A queen bee (Pan)
  A hellwing (Pan)
  4 blink frogs (Abyss:4)
  3 merfolk
  3 hornets (Depths:3)
  A snapping turtle (Shoals:4)
  2 raiju (Abyss:4)
  A glass eye (Depths:1)
  3 slime creatures
  3 ynoxinuls
  11 ushabtiu (Tomb:3)
  3 starcursed masses (Abyss:4)
  2 golden eyes (Slime:2)
  A chaos spawn (Pan)
  A spriggan simulacrum (Depths:1)
  An electric eel (Elf:3)
  4 mummies (Tomb:3)
171 creatures vanquished.

Vanquished Creatures (others)
  A dread lich (Geh:3)
  A shard shrike (Coc:7)
  A hellephant (Geh:6)
  3 eldritch tentacles (Pan)
  A tentacled starspawn (Abyss:4)
  A shadow dragon (Vaults:5)
  A draconian monk (Zot:2)
  2 shard shrike simulacra
  2 elemental wellsprings (Coc:6)
  3 blizzard demons
  A rakshasa (Depths:3)
  2 caustic shrike simulacra
  A juggernaut simulacrum (Coc:7)
  A hell hog (Geh:2)
  3 deep elf knights
  A skeletal warrior (Crypt:2)
  A shadow wraith (Zig:5)
  2 quicksilver dragon simulacra (Coc:7)
  A phantasmal warrior (Zig:7)
  A spriggan simulacrum (Coc:5)
  A deep elf zephyrmancer (Elf:1)
  A black mamba (Zig:6)
  2 titan simulacra
  3 smoke demons (Pan)
  A large abomination (Abyss:4)
  2 hellions
  A tormentor (Geh:7)
  An efreet (Pan)
  An iron giant simulacrum (Coc:7)
  5 fire bats
  2 chaos spawn
  A naga (Snake:4)
  A harpy simulacrum (Coc:2)
  A hydra simulacrum (Coc:7)
  An ettin simulacrum (Coc:7)
  A hell rat (Hell)
  A gnoll (D:10)
  19 ball lightnings (Pan)
  5 creeping infernos
  2 fire vortices (Pan)
  13 foxfires (Abyss:4)
  A lurking horror (Abyss:4)
  4 starspawn tentacles (Abyss:4)
  4 tentacles
104 creatures vanquished.

Grand Total: 4247 creatures vanquished

Notes
Turn   | Place    | Note
-------+----------+-------------------------------------------
     0 | D:1      | gimp the Ghoul Gladiator began the quest for the Orb.
     0 | D:1      | Reached XP level 1. HP: 17/17 MP: 1/1
   201 | D:1      | Reached XP level 2. HP: 23/25 MP: 2/2
   860 | D:2      | Reached XP level 3. HP: 29/30 MP: 3/3
  1100 | D:2      | Noticed Robin
  1107 | D:2      | Reached XP level 4. HP: 29/38 MP: 4/4
  1122 | D:2      | Killed Robin
  1572 | D:3      | Found a shadowy altar of Dithmenos.
  1697 | D:3      | Found a burning altar of Makhleb.
  1697 | D:3      | Found an iron altar of Okawaru.
  1721 | D:3      | Became a worshipper of Makhleb the Destroyer
  1797 | D:3      | Reached XP level 5. HP: 32/46 MP: 5/5
  2670 | D:4      | Found an ancient bone altar of Kikubaaqudgha.
  2677 | D:4      | Reached skill level 5 in Axes
  2688 | D:4      | Reached XP level 6. HP: 43/52 MP: 6/6
  2736 | D:4      | Found a sparkling altar of Nemelex Xobeh.
  2776 | D:4      | Identified the +1 robe "Hogethro" {rElec}
  2858 | D:4      | Reached * piety under Makhleb
  3303 | D:5      | Entered Level 5 of the Dungeon
  3382 | D:5      | Noticed a water moccasin
  3404 | D:5      | Killed a water moccasin
  3405 | D:5      | Reached XP level 7. HP: 26/60 MP: 7/7
  3555 | D:5      | Reached skill level 5 in Fighting
  4373 | D:6      | Noticed Pikel
  4373 | D:6      | Noticed Maggie
  4519 | D:6      | Reached XP level 8. HP: 51/68 MP: 8/8
  4875 | D:6      | Noticed Duvessa
  4888 | D:6      | Noticed Dowan
  4904 | D:6      | Killed Duvessa
  4904 | D:6      | Reached ** piety under Makhleb
  4918 | D:6      | Killed Dowan
  5154 | D:6      | Identified the +0 ring mail of Integrity {Will+ Dex+4}
  5193 | D:6      | HP: 2/68 [orc warrior/+0 battleaxe (20)]
  5831 | D:7      | Reached skill level 10 in Axes
  5831 | D:7      | Reached XP level 9. HP: 61/74 MP: 9/9
  5962 | D:7      | Noticed Maurice
  6336 | D:8      | Found a staircase to the Lair.
  6336 | D:8      | Noticed a komodo dragon
  6669 | D:9      | Reached skill level 1 in Armour
  7213 | D:8      | Reached XP level 10. HP: 68/81 MP: 7/10
  7802 | D:8      | Identified the +0 hat "Ytzy" {Int+3}
  8025 | D:7      | Found a staircase to the Ecumenical Temple.
  8044 | Temple   | Entered the Ecumenical Temple
  8069 | D:7      | Found a radiant altar of Vehumet.
  8203 | D:8      | Reached *** piety under Makhleb
  8418 | D:7      | Maurice stole a ring of willpower
  8420 | D:7      | Maurice stole a +5 flail
  8432 | D:7      | Something stole 173 gold
  8433 | D:7      | Something stole 197 gold
  8597 | D:7      | Found a basalt altar of Yredelemnul.
  9063 | D:6      | Got Eraigodd's Directory of Curses and Turbulence
  9503 | D:6      | Killed Maggie
  9504 | D:6      | Reached skill level 5 in Armour
  9666 | D:6      | Found a runed translucent door.
  9666 | D:6      | Found the +6 shillelagh "Devastator" {shatter}
  9667 | D:6      | Noticed Crazy Yiuf
 10280 | D:9      | Reached XP level 11. HP: 86/86 MP: 11/11
 10372 | D:10     | Entered Level 10 of the Dungeon
 11003 | D:10     | Found a shimmering altar of Xom.
 11113 | D:11     | You are sucked into a shaft and drop 1 floor!
 11493 | D:11     | Noticed a boulder beetle
 11508 | D:11     | Found a staircase to the Orcish Mines.
 12813 | D:11     | Noticed a deep elf archer
 12817 | D:11     | Reached **** piety under Makhleb
 12836 | D:11     | Killed a deep elf archer
 13024 | D:12     | Noticed a two-headed ogre
 13044 | D:12     | Killed a two-headed ogre
 13200 | D:12     | Reached skill level 15 in Axes
 13407 | D:12     | Noticed a deep elf pyromancer
 13475 | Orc:1    | Entered Level 1 of the Orcish Mines
 13478 | Orc:1    | Noticed an orc sorcerer
 13656 | D:11     | Reached XP level 12. HP: 52/94 MP: 5/12
 14216 | Orc:2    | Entered Level 2 of the Orcish Mines
 14379 | Orc:2    | Noticed a two-headed ogre
 14401 | Orc:2    | Killed a two-headed ogre
 15370 | Orc:2    | Found Tucvy's Armour Shoppe.
 15409 | Orc:2    | Found Jiwnup's Weapon Emporium.
 15685 | Orc:2    | Reached ***** piety under Makhleb
 15763 | Orc:2    | Noticed an orc high priest
 15784 | Orc:2    | Killed an orc high priest
 15866 | Orc:2    | Found a roughly hewn altar of Beogh.
 16075 | Orc:2    | Paralysed by an orc sorcerer for 5 turns
 16761 | Orc:2    | Reached XP level 13. HP: 100/100 MP: 10/13
 16976 | Orc:2    | Found a staircase to the Elven Halls.
 17385 | Orc:2    | Reached skill level 10 in Armour
 17456 | Orc:2    | Noticed an orc warlord
 17484 | Orc:2    | Killed an orc warlord
 17870 | Orc:2    | Found Waheuxto's General Store.
 18055 | Orc:2    | Found a roughly hewn altar of Beogh.
 18228 | Orc:2    | Found Ygaciomo's Book Shoppe.
 18310 | Orc:2    | Bought the +3 crown of Dyrovepreva {rElec Int+2 SInv} for
                  | 703 gold pieces
 18310 | Orc:2    | Found the +3 crown of Dyrovepreva {rElec Int+2 SInv}
 18487 | Lair:1   | Entered Level 1 of the Lair of Beasts
 19230 | Lair:1   | Reached ****** piety under Makhleb
 19817 | Lair:2   | Reached skill level 1 in Invocations
 19822 | Lair:2   | Reached skill level 1 in Shields
 20045 | Lair:2   | Noticed Harold
 20071 | Lair:2   | Killed Harold
 20072 | Lair:2   | Reached XP level 14. HP: 71/108 MP: 12/16
 20859 | Orc:2    | Bought a lightning rod (4/4) for 560 gold pieces
 21465 | Lair:3   | Found a runed translucent door.
 21609 | Lair:3   | Found a staircase to the Snake Pit.
 21732 | Lair:3   | Identified the +5 war axe of the Pit {vamp, rPois}
 21774 | Lair:3   | Found a staircase to the Shoals.
 22440 | Lair:4   | Reached skill level 5 in Invocations
 22755 | Lair:4   | Found a viscous altar of Jiyva.
 22755 | Lair:4   | Found a staircase to the Slime Pits.
 23101 | Lair:5   | Entered Level 5 of the Lair of Beasts
 23368 | Lair:5   | Reached skill level 5 in Shields
 23929 | Lair:5   | Reached XP level 15. HP: 124/124 MP: 15/20
 24652 | D:12     | Reached skill level 10 in Fighting
 25236 | D:13     | Noticed Nessos
 25257 | D:13     | Killed Nessos
 25260 | D:13     | Noticed Sonja
 25263 | D:13     | Killed Sonja
 25383 | D:13     | Found a large runed translucent door.
 25383 | D:13     | Found a large runed translucent door.
 25386 | D:13     | Noticed rbyellow5's ghost (journeyman MDFi)
 25707 | D:13     | Noticed Frances
 25738 | D:13     | Killed Frances
 25983 | D:13     | Noticed Kirke
 26003 | D:13     | Killed Kirke
 26047 | D:13     | Reached skill level 1 in Evocations
 26868 | D:14     | Identified a scroll of acquirement
 26878 | D:14     | Got the Compilation of the Iceberg
 26896 | D:14     | Acquired 949 gold pieces
 27065 | D:14     | Found an iron altar of Okawaru.
 27398 | D:14     | Found a gate to the Vaults.
 27472 | D:15     | Entered Level 15 of the Dungeon
 27523 | D:15     | Reached XP level 16. HP: 106/139 MP: 14/22
 27789 | D:15     | Found a runed translucent door.
 27999 | D:15     | Noticed the 27-headed Lernaean hydra
 28067 | D:15     | Found a staircase to the Depths.
 28331 | D:15     | Reached skill level 5 in Evocations
 28707 | D:15     | Identified the +3 flail of Akitus {vamp, Str+8 Int+5}
 28997 | D:15     | Found a runed translucent door.
 29236 | D:15     | Found a runed translucent door.
 29915 | Shoals:1 | Entered Level 1 of the Shoals
 30542 | Shoals:1 | Found Lauplin's Visitors' Centre.
 30556 | Shoals:1 | Reached skill level 10 in Shields
 30772 | Shoals:1 | Found Lauplin's Merfolk Weapons.
 30772 | Shoals:1 | Found Lauplin's Merfolk Armours.
 31306 | Snake:1  | Entered Level 1 of the Snake Pit
 31306 | Snake:1  | Found Uniunari's Assorted Antiques.
 31317 | Snake:1  | Bought a potion of curing for 93 gold pieces
 31488 | Snake:1  | Found Was Ifogg's Magic Scroll Shoppe.
 31489 | Snake:1  | Found Nuetev's Assorted Antiques.
 31489 | Snake:1  | Found Atuud's Weapon Emporium.
 31518 | Snake:1  | Found Hagu's Assorted Antiques.
 31524 | Snake:1  | Bought a scroll of teleportation for 63 gold pieces
 31524 | Snake:1  | Bought a box of beasts for 840 gold pieces
 31524 | Snake:1  | Bought a potion of curing for 63 gold pieces
 32458 | Snake:1  | Found a burning altar of Makhleb.
 32727 | Snake:1  | Reached XP level 17. HP: 143/149 MP: 20/23
 32949 | Snake:2  | Found a runed translucent door.
 32956 | Snake:2  | Noticed KSaturn's ghost (journeyman MDRe)
 32967 | Snake:2  | Noticed Vashnia
 34022 | Snake:2  | Killed Vashnia
 35141 | Snake:3  | Found Gausch Kemm's Jewellery Emporium.
 35610 | Snake:4  | Entered Level 4 of the Snake Pit
 36037 | Snake:4  | Found a transporter.
 36040 | Snake:4  | Noticed bakla's ghost (adept CoWn)
 36181 | Snake:4  | Reached XP level 18. HP: 53/159 MP: 8/24
 36705 | Snake:4  | Found a transporter.
 38892 | Snake:4  | Reached skill level 15 in Fighting
 38931 | Snake:4  | Got a serpentine rune of Zot
 40273 | Shoals:2 | Found a runed translucent gate.
 40274 | Shoals:2 | Found a runed translucent gate.
 40276 | Shoals:2 | Found a runed translucent gate.
 40283 | Shoals:2 | Noticed Eluacum's ghost (adept TrSh)
 40283 | Shoals:2 | Noticed Zuniegot's ghost (adept TrSh)
 40393 | Shoals:2 | Found Soery's Weapon Shop.
 40461 | Shoals:3 | Noticed Polyphemus
 40759 | Shoals:3 | Noticed Ilsuiw
 41036 | Shoals:3 | Reached XP level 19. HP: 154/171 MP: 23/25
 41203 | Shoals:3 | Killed Polyphemus
 41457 | Shoals:3 | Killed Ilsuiw
 41882 | Shoals:4 | Entered Level 4 of the Shoals
 41999 | Shoals:4 | Found Jyci's Book Emporium.
 42917 | Shoals:4 | Got a barnacled rune of Zot
 43607 | D:13     | Killed rbyellow5's ghost
 43703 | Vaults:1 | Entered Level 1 of the Vaults
 43740 | Vaults:1 | Found Doygivir's Antique Weapon Emporium.
 44360 | Vaults:1 | Found Kegoinox's Weapon Emporium.
 44935 | Vaults:1 | Found Vaezog's Book Shoppe.
 44936 | Vaults:1 | Noticed a walking crystal tome
 44957 | Vaults:1 | Found Logoyj's Jewellery Shop.
 44993 | Vaults:1 | Reached skill level 15 in Shields
 45429 | Vaults:1 | Reached skill level 15 in Armour
 45796 | Vaults:2 | Reached XP level 20. HP: 184/184 MP: 24/26
 46163 | Vaults:2 | Reached skill level 10 in Invocations
 47246 | Vaults:2 | Found Rigastis's Magic Scroll Emporium.
 47268 | Vaults:2 | Bought a scroll of teleportation for 36 gold pieces
 47268 | Vaults:2 | Bought a scroll of fog for 48 gold pieces
 47268 | Vaults:2 | Bought a scroll of summoning for 114 gold pieces
 47268 | Vaults:2 | Bought a scroll of silence for 114 gold pieces
 47275 | Vaults:2 | Acquired 429 gold pieces
 48023 | Vaults:3 | Found a staircase to the Crypt.
 48550 | Vaults:3 | Reached XP level 21. HP: 175/191 MP: 25/30
 48768 | Vaults:3 | Found Etati's Armour Shop.
 48774 | Vaults:3 | Bought the +13 chain mail of Discretion {Harm rF+ Will+}
                  | for 1514 gold pieces
 49012 | Vaults:4 | Noticed Jory
 49044 | Vaults:4 | Killed Jory
 49391 | Vaults:4 | Identified the +9 hand axe of Nasorch {vamp, rF+ rC+ rN+}
 49858 | Vaults:4 | Reached skill level 15 in Invocations
 49943 | Vaults:4 | Found Hadina's Antique Armour Boutique.
 50150 | Vaults:4 | Found Paentul's Assorted Antiques.
 50158 | Vaults:4 | Bought a translucent lead amulet for 180 gold pieces
 50158 | Vaults:4 | Identified the amulet of Sin {Harm +Blink rPois Regen+
                  | Slay+2} (You bought it in a shop on level 4 of the Vaults)
 50158 | Vaults:4 | Bought a yellow potion for 32 gold pieces
 50158 | Vaults:4 | Bought a potion of curing for 108 gold pieces
 50667 | Orc:2    | Bought the +1 pair of gloves "Xefeci" {Will+ Dex+3} for 482
                  | gold pieces
 50875 | D:6      | Killed Crazy Yiuf
 51005 | D:7      | Killed Pikel
 51051 | D:8      | Killed Maurice
 51260 | D:11     | Identified the ring "Romur" {Fire Will+ Dex+3 Stlth-}
 52038 | Elf:1    | Entered Level 1 of the Elven Halls
 52335 | Elf:1    | Found Hyffaj's Mayhem Merchandise.
 52413 | Elf:1    | Identified the +5 ring mail of Altruism {Str+4}
 52739 | Elf:1    | You fall into a shaft and drop 1 floor!
 53185 | Elf:2    | Reached XP level 22. HP: 197/199 MP: 30/33
 53383 | Elf:2    | Found a huge runed translucent gate.
 53383 | Elf:2    | Found a huge runed translucent gate.
 53383 | Elf:2    | Found a huge runed translucent gate.
 53386 | Elf:2    | Found a huge runed translucent gate.
 53386 | Elf:2    | Found a huge runed translucent gate.
 53643 | Elf:2    | Found Ibys's Elven Fire.
 53957 | Elf:2    | Noticed Agnes
 53967 | Elf:2    | Killed Agnes
 54312 | Abyss:4  | Cast into level 4 of the Abyss (+4 glaive of distortion)
 54496 | Elf:2    | Escaped the Abyss
 54932 | Elf:3    | Entered Level 3 of the Elven Halls
 55050 | Elf:3    | Found a transporter.
 55055 | Elf:3    | Found a bloodstained altar of Trog.
 55055 | Elf:3    | Noticed Seujilaa's ghost (journeyman HuNe)
 55063 | Elf:3    | Found a transporter.
 55254 | Elf:3    | Identified the +4 robe of Noughts and Crosses {^Drain rC+
                  | rN+ SInv}
 55254 | Elf:3    | Noticed Boris
 55266 | Elf:3    | Killed Boris
 55539 | Elf:3    | Found Suapet's Antique Weapon Shop.
 55913 | D:15     | Killed the 24-headed Lernaean hydra
 55925 | D:15     | Identified the +7 dagger of the Establishment {elec, rC-
                  | Str+4 Dex+6}
 55927 | D:15     | Identified the +4 whip of the Burning Sybil {freeze, Int+3}
 56615 | Elf:3    | Paralysed by an air elemental for 1 turns
 56618 | Elf:3    | Paralysed by an air elemental for 1 turns
 56618 | Elf:3    | Identified the serpent talisman of the Manifold Xeniums
                  | {+Blink}
 56618 | Elf:3    | Noticed Aizul
 56622 | Elf:3    | Paralysed by an air elemental for 1 turns
 56630 | Elf:3    | Paralysed by an air elemental for 1 turns
 56836 | Elf:3    | Killed Aizul
 56837 | Elf:3    | Reached skill level 5 in Throwing
 56918 | Elf:3    | Identified the +4 great mace "Asoluepe" {antimagic, Fly
                  | rElec Str+4}
 56960 | Elf:3    | Reached XP level 23. HP: 209/209 MP: 32/34
 56978 | Elf:3    | Identified the staff of Dacoidgha {*Corrode rF+ rN+ Fire
                  | Earth}
 56996 | Elf:3    | Identified the +4 halberd of the Sage {freeze, ^Drain Will+
                  | rCorr Str+5}
 57271 | Elf:3    | Identified the +3 rapier of Division {freeze, Will+}
 57320 | Elf:3    | Identified the +5 trident of Radalunt {flame, rElec rN+
                  | Int-4 Stlth+}
 57364 | Elf:3    | Identified the +3 trident of Arbitration {freeze, rElec}
 57440 | Elf:3    | Identified the +1 shortbow "Ogreslayer" {elec, Stlth+}
 57443 | Elf:3    | Got the Essays on Akashic Guile
 57445 | Elf:3    | Identified the +10 eveningstar of Hurling Misery {flame,
                  | rF- rN+ Dex+3 Stlth+}
 58294 | Shoals:2 | Killed Zuniegot's ghost
 58301 | Shoals:2 | Killed Eluacum's ghost
 58515 | Snake:2  | Killed KSaturn's ghost
 58585 | Snake:2  | Identified the +5 battleaxe "X" {heavy, Dex+3}
 58771 | Snake:4  | Killed bakla's ghost
 58773 | Snake:4  | Identified the ring "Tucyicku" {rPois Will+ Int-4 Dex+3
                  | Stlth+}
 59008 | Slime:1  | Entered Level 1 of the Pits of Slime
 59278 | Slime:4  | Reached skill level 10 in Evocations
 59307 | Slime:5  | Entered Level 5 of the Pits of Slime
 60193 | Slime:5  | Noticed the Royal Jelly
 60198 | Slime:5  | Killed the Royal Jelly
 60229 | Slime:5  | Found the ring of the Octopus King
 60267 | Slime:5  | Identified a ring of the Octopus King {Wiz HP+2 AC+2 EV+2
                  | SH+2}
 60278 | Slime:5  | Got a slimy rune of Zot
 60295 | Slime:5  | Got the Precepts of Refrigeration
 60339 | Slime:5  | Identified the +9 falchion of Courage {speed, *Corrode
                  | ^Fragile rF+ Str+2 Int+6}
 60743 | Depths:1 | Entered Level 1 of the Depths
 61019 | Depths:1 | Reached XP level 24. HP: 173/221 MP: 30/34
 61377 | Depths:1 | Identified the staff of Twilight {+Blink rN+ Str-5 Hexes
                  | Necro Ice}
 61453 | Depths:1 | Reached skill level 5 in Dodging
 61693 | Depths:1 | Found Big Baal Hell's Store.
 61697 | Depths:1 | Found a gateway to Hell.
 61782 | Depths:1 | Found a one-way gate to the infinite horrors of the Abyss.
 61860 | Depths:1 | Found a shimmering altar of Xom.
 61971 | Depths:1 | Found Caiddurghou's Assorted Antiques.
 61974 | Depths:1 | Bought a scroll of blinking for 330 gold pieces
 62001 | Depths:1 | Found a one-way gateway to a ziggurat.
 62062 | Depths:2 | Found a one-way gate leading to the halls of Pandemonium.
 62063 | Depths:2 | Noticed Bai Suzhen
 62096 | Abyss:4  | Cast into level 4 of the Abyss (Bai Suzhen)
 62306 | Abyss:4  | Got an abyssal rune of Zot
 62335 | Depths:1 | Escaped the Abyss
 62354 | Depths:1 | Killed Bai Suzhen
 62892 | Depths:2 | Found a hide-covered altar of Uskayaw.
 62939 | Depths:2 | Identified the serpent talisman "Pamie" {rElec rC- Int+7}
 63101 | Depths:2 | Found a corrupted altar of Lugonu.
 63167 | Depths:2 | Found a shimmering blue altar of Sif Muna.
 63486 | Depths:3 | Identified the ring of Panentheism {Ice rCorr Str-3 Int-4
                  | Slay+5}
 63486 | Depths:3 | Noticed Josephina
 63498 | Depths:3 | Killed Josephina
 63757 | Depths:3 | Noticed a caustic shrike
 63770 | Depths:3 | Noticed Sojobo
 63907 | Depths:2 | Killed a caustic shrike
 64167 | Depths:2 | Paralysed by an air elemental for 1 turns
 64173 | Depths:2 | Paralysed by an air elemental for 1 turns
 64343 | Depths:2 | Paralysed by an air elemental for 1 turns
 64348 | Depths:2 | Killed Sojobo
 65324 | Depths:4 | Entered Level 4 of the Depths
 65324 | Depths:4 | Noticed a caustic shrike
 65324 | Depths:4 | Noticed a caustic shrike
 65324 | Depths:4 | Noticed a caustic shrike
 65325 | Depths:4 | Noticed a caustic shrike
 65325 | Depths:4 | Noticed a caustic shrike
 65399 | Depths:4 | Reached XP level 25. HP: 206/227 MP: 30/34
 65717 | Depths:4 | Noticed a juggernaut
 65727 | Depths:4 | Killed a juggernaut
 65729 | Depths:4 | Identified the orb of Refuge {light, Dex+5}
 65729 | Depths:4 | Noticed Frederick
 65748 | Depths:4 | Killed Frederick
 65930 | Depths:4 | Found a gate to the Realm of Zot.
 66347 | Depths:4 | Found a runed translucent door.
 66347 | Depths:4 | Noticed Ciogh's ghost (veteran GnWn)
 66359 | Depths:4 | Noticed Vv
 66394 | Depths:4 | Killed Vv
 66895 | Depths:4 | Killed Ciogh's ghost
 67287 | Crypt:1  | Entered Level 1 of the Crypt
 68450 | Crypt:2  | Found the +8 Wrath of Trog {antimagic, *Rage Rampage}
 68864 | Crypt:2  | Identified the +6 long sword of Lapt {elec, rPois Str+4}
 69508 | Crypt:3  | Entered Level 3 of the Crypt
 69899 | Crypt:3  | Noticed Maniurphykhlu's ghost (adept MiFi)
 69913 | Crypt:3  | Found a transporter.
 70032 | Crypt:3  | Found a transporter.
 70190 | Crypt:3  | Reached XP level 26. HP: 222/236 MP: 32/34
 70356 | Crypt:3  | Noticed a dread lich
 70370 | Crypt:3  | Killed a dread lich
 70571 | Crypt:3  | Found an ancient bone altar of Kikubaaqudgha.
 70694 | Crypt:3  | Found a basalt altar of Yredelemnul.
 70734 | Crypt:3  | Identified the staff "Loopy" {Int-3 Dex+3 Conj Tloc}
 70734 | Crypt:3  | Identified the death talisman of the Furrier {Slay+5}
 70804 | Crypt:3  | Identified the +1 scale mail of Generosity {rF+ rN+++ Will-
                  | Str-5}
 70810 | Crypt:3  | Identified the staff "Trog's Wrath" {rC+ Str+6 Earth}
 70934 | Crypt:3  | Found a staircase to the Tomb.
 71250 | Crypt:3  | Identified the ring of Zygeckov {rPois rC++ Int+2}
 71291 | Crypt:3  | Reached XP level 27. HP: 244/244 MP: 34/34
 71473 | Vaults:5 | Entered Level 5 of the Vaults
 71743 | Vaults:5 | Noticed a dread lich
 71775 | Vaults:4 | Killed a dread lich
 72563 | Vaults:5 | Identified the +9 orcbow of Pucloev {flame, rC+ Will-
                  | Int+5}
 72904 | Vaults:5 | Found Jufru's Magic Scroll Shop.
 73055 | Vaults:5 | Got a silver rune of Zot
 73221 | Vaults:5 | Found Dorutt's Magic Scroll Shoppe.
 73302 | Vaults:5 | Found Avopis's Magic Scroll Boutique.
 73320 | Vaults:5 | Found Beiklaq's Magic Scroll Shop.
 73411 | Vaults:5 | Bought a scroll of acquirement for 676 gold pieces
 73411 | Vaults:5 | Bought a scroll of brand weapon for 123 gold pieces
 73411 | Vaults:5 | Bought a scroll of teleportation for 39 gold pieces
 73411 | Vaults:5 | Bought a scroll of fear for 52 gold pieces
 73411 | Vaults:5 | Bought a scroll of teleportation for 39 gold pieces
 73411 | Vaults:5 | Acquired 680 gold pieces
 73438 | Vaults:5 | Bought a scroll of blinking for 75 gold pieces
 73438 | Vaults:5 | Bought a scroll of fear for 40 gold pieces
 73438 | Vaults:5 | Bought a scroll of teleportation for 30 gold pieces
 73456 | Vaults:5 | Bought a scroll of silence for 123 gold pieces
 73456 | Vaults:5 | Bought a scroll of enchant armour for 97 gold pieces
 73456 | Vaults:5 | Bought a scroll of fear for 52 gold pieces
 73456 | Vaults:5 | Bought a scroll of blinking for 97 gold pieces
 73456 | Vaults:5 | Bought a scroll of enchant weapon for 97 gold pieces
 73456 | Vaults:5 | Bought a scroll of revelation for 97 gold pieces
 73470 | Vaults:5 | Bought a scroll of silence for 209 gold pieces
 73470 | Vaults:5 | Bought a scroll of fog for 88 gold pieces
 73470 | Vaults:5 | Bought a scroll of summoning for 209 gold pieces
 73514 | Vaults:4 | Bought a jewelled scarf for 370 gold pieces
 73514 | Vaults:4 | Identified the scarf "Foggis" {repulsion, rF- rC+ Int+2
                  | Stlth+} (You bought it in a shop on level 4 of the Vaults)
 73807 | Depths:1 | Bought the ring of the Burning Gods {rN+ Will+ rCorr} for
                  | 2521 gold pieces
 74359 | Pan      | Entered the realm of Cerebov.
 74359 | Pan      | Entered Pandemonium
 74359 | Pan      | Found the +6 sword of Cerebov {flame}
 74359 | Pan      | Noticed Cerebov
 74606 | Pan      | Identified the +1 trident "Paydirhi" {freeze, rCorr Str+2}
 74631 | Pan      | Found a burning altar of Makhleb.
 75198 | Pan      | Identified the ring of Luif {^Drain Will+ Str+6 Int+3
                  | Dex+2}
 75211 | Pan      | Identified the ring "Osuukh" {+Blink rN+ Str+2 Int+2}
 75229 | Pan      | Identified the amulet of Bodily Harmony {Acrobat rElec
                  | Regen+ SInv Stlth-}
 75413 | Pan      | Identified the +3 sling of Girhin {heavy, Str+3 Dex-4}
 75788 | Pan      | Identified the +1 leather armour of the Stars {Str+3}
 75807 | Pan      | Identified the +0 chain mail "Diru Ped" {Harm Fly Will+
                  | rCorr}
 75837 | Pan      | Identified the +3 orcbow of Victory {flame, rN+ rCorr Str-3
                  | Int+7}
 75903 | Pan      | Identified the staff of the Uplifting Shrike {MP+9 Int+5
                  | Earth}
 75933 | Pan      | Identified the +3 dagger of the Transmuting Sybil {flame,
                  | rPois rN+ Dex+3}
 75948 | Pan      | Identified the +1 leather armour of the Lily {Regen+ rCorr
                  | Dex-3}
 76344 | Pan      | Got a fiery rune of Zot
 76469 | Pan      | Noticed Tepposch the pandemonium lord
 76891 | Pan      | Noticed Tyoch the pandemonium lord
 76898 | Pan      | Killed Tyoch the pandemonium lord
 77621 | Pan      | Found the +6 sword of Cerebov {flame}
 77621 | Pan      | Noticed Cerebov
 77685 | Pan      | Noticed Adaog the pandemonium lord
 77698 | Pan      | Identified the ring "Anwugry" {rPois rC+++ rCorr MP-9 AC+4}
 77700 | Pan      | Entered the realm of Lom Lobon.
 78706 | Pan      | Noticed Lom Lobon
 78727 | Pan      | Killed Lom Lobon
 78939 | Pan      | Got a magical rune of Zot
 79115 | Pan      | Identified the +3 hand axe of an ice cave {flame, rF+ MP+9}
 79164 | Pan      | Noticed Jyteti the pandemonium lord
 79973 | Pan      | Found an exit through the horrors of the Abyss.
 80122 | Pan      | Killed Jyteti the pandemonium lord
 80834 | Pan      | Found the +6 sword of Cerebov {flame}
 80834 | Pan      | Noticed Cerebov
 80839 | Pan      | Found an exit through the horrors of the Abyss.
 80848 | Pan      | Took an exit into the Abyss.
 80848 | Abyss:4  | Escaped into the Abyss
 81276 | Depths:2 | Escaped the Abyss
 81346 | Zot:1    | Entered Level 1 of the Realm of Zot
 81390 | Zot:1    | Reached skill level 15 in Evocations
 81644 | Zot:1    | Found a shimmering altar of Xom.
 81644 | Zot:1    | Found a shimmering altar of Xom.
 81646 | Zot:1    | Found a shimmering altar of Xom.
 82629 | Zot:2    | Noticed an orb of fire
 82645 | Zot:2    | Killed an orb of fire
 83817 | Zot:3    | Reached skill level 27 in Fighting
 84817 | Zot:4    | Identified the +0 pearl dragon scales of the Great Game
                  | {rElec rN+ Dex+2}
 84888 | Zot:4    | Got the Book of Mortification
 85426 | Zot:5    | Entered Level 5 of the Realm of Zot
 85827 | Vaults:4 | Bought the +3 pair of gauntlets of War {Slay+5} for 1757
                  | gold pieces
 85827 | Vaults:4 | Found the +3 pair of gauntlets of War {Slay+5}
 86134 | Hell     | Entered the Vestibule of Hell
 86134 | Hell     | Noticed Geryon
 86300 | Hell     | Noticed Murray
 86320 | Hell     | Killed Murray
 86738 | Hell     | Killed Geryon
 87035 | Hell     | Found a gateway to the ashen valley of Gehenna.
 87103 | Hell     | Found a gateway to the decaying netherworld of Tartarus.
 87163 | Hell     | Found a gateway to the freezing wastes of Cocytus.
 87276 | Hell     | Found a gateway to the Iron City of Dis.
 87818 | Tomb:1   | Entered Level 1 of the Tomb of the Ancients
 88178 | Tomb:1   | Noticed a royal mummy
 88178 | Tomb:1   | Noticed a royal mummy
 88193 | Tomb:1   | Killed a royal mummy
 88201 | Tomb:1   | Killed a royal mummy
 88836 | Tomb:2   | Noticed a royal mummy
 88836 | Tomb:2   | Noticed a royal mummy
 88837 | Tomb:2   | Noticed a royal mummy
 88838 | Tomb:2   | Identified the +2 robe "Yzele" {rF+ rC+++ rCorr Str-4}
 88838 | Tomb:2   | Noticed Boris
 88962 | Tomb:3   | Entered Level 3 of the Tomb of the Ancients
 89209 | Tomb:3   | Noticed a royal mummy
 89236 | Tomb:3   | Killed a royal mummy
 89458 | Tomb:3   | Noticed a royal mummy
 89476 | Tomb:3   | Killed a royal mummy
 89488 | Tomb:3   | Noticed a royal mummy
 89499 | Tomb:3   | Noticed a royal mummy
 89737 | Tomb:3   | Noticed a royal mummy
 89744 | Tomb:3   | Noticed a royal mummy
 89749 | Tomb:3   | Killed a royal mummy
 89811 | Tomb:2   | Killed a royal mummy
 90169 | Tomb:3   | Noticed a royal mummy
 90174 | Tomb:3   | Noticed a royal mummy
 90176 | Tomb:3   | Killed a royal mummy
 90197 | Tomb:3   | Killed a royal mummy
 90533 | Tomb:3   | Killed a royal mummy
 90863 | Tomb:3   | Killed a royal mummy
 90929 | Tomb:3   | Identified the staff of Blood {rElec Dex+5 Air}
 90934 | Tomb:3   | Identified the staff of Rikhluta {rElec Conj Necro Tloc
                  | Air}
 90935 | Tomb:3   | Identified the staff of Havoc {rF+ Fire Alchemy}
 90950 | Tomb:3   | Identified the +7 arbalest of Vusuqig {speed, ^Drain rN+++
                  | Str+3 Stlth+}
 90952 | Tomb:3   | Identified the ring "Errah" {Fire Fly}
 90955 | Tomb:3   | Identified the +6 broad axe of Wu Jian's Displeasure
                  | {speed, *Rage rCorr Int+6 Dex-2}
 90958 | Tomb:3   | Identified the +6 mace "Zamax" {heavy, rN+}
 90959 | Tomb:3   | Identified the +3 leather armour of Viril {rCorr}
 90962 | Tomb:3   | Identified the +2 robe of Taro {Fly rC- Str+3 Stlth+}
 90969 | Tomb:3   | Identified the +5 morningstar of Agony {venom, rCorr}
 91074 | Tomb:3   | Got a golden rune of Zot
 91566 | Zig:1    | Entered Level 1 of a ziggurat
 91585 | Zig:2    | Entered Level 2 of a ziggurat
 91586 | Zig:2    | Noticed a dread lich
 91597 | Zig:2    | Killed a dread lich
 91611 | Zig:3    | Entered Level 3 of a ziggurat
 91670 | Zig:4    | Entered Level 4 of a ziggurat
 91711 | Zig:5    | Entered Level 5 of a ziggurat
 91751 | Zig:6    | Entered Level 6 of a ziggurat
 91806 | Zig:6    | Identified the staff "Oxzethri" {Stlth+ Conj Alchemy}
 91813 | Zig:6    | Got the Almanac of Portals and Nephomancy
 91818 | Zig:6    | Got the Commentary on the Puissant Fair Folk
 91822 | Zig:7    | Entered Level 7 of a ziggurat
 91828 | Zig:7    | Noticed a dread lich
 91829 | Zig:7    | Noticed a dread lich
 91858 | Zig:7    | Killed a dread lich
 91861 | Zig:7    | Killed a dread lich
 91872 | Zig:7    | Identified the +2 sling of the Butterfly {elec, rF+ Dex+2}
 91873 | Zig:7    | Identified the +1 hand axe "Ichuxzeg" {spect, Will+ rCorr
                  | Int+2}
 91882 | Zig:8    | Entered Level 8 of a ziggurat
 91941 | Zig:8    | Identified the ring "Fawnosin" {rPois rF+ rC+ Stlth+}
 91943 | Zig:8    | Identified the +1 arbalest of Tiku {drain, Int+7}
 91955 | Zig:8    | Identified the +1 robe of Wahi {Harm rC+ rN+ Slay+3}
 91964 | Zig:9    | Entered Level 9 of a ziggurat
 92024 | Zig:9    | Identified the ring "Gegg" {rF+ rC+ Str+2}
 92029 | Zig:9    | Got Sif Muna's Compilation of Lifeless Ashes
 92051 | Zig:10   | Entered Level 10 of a ziggurat
 92090 | Zig:10   | Noticed Luyret the pandemonium lord
 92108 | Zig:10   | Killed Luyret the pandemonium lord
 92250 | Zig:10   | Got the Catalogue of Captivating Arrival
 92256 | Zig:10   | Identified the +5 battleaxe "Yruumuag" {antimagic, Fly
                  | rF+++ Str-2 Dex+2}
 92524 | Snake:1  | Bought a scroll of enchant armour for 232 gold pieces
 92613 | Shoals:1 | Bought a scroll of teleportation for 300 gold pieces
 92620 | Shoals:1 | Bought a wand of light (3) for 151 gold pieces
 92620 | Shoals:1 | Bought a wand of light (4) for 201 gold pieces
 92620 | Shoals:1 | Bought a wand of light (2) for 100 gold pieces
 92630 | Shoals:1 | Bought 2 throwing nets for 108 gold pieces
 92772 | Snake:1  | Bought a potion of haste for 390 gold pieces
 92775 | Snake:1  | Bought a scroll of silence for 133 gold pieces
 92775 | Snake:1  | Bought a scroll of summoning for 133 gold pieces
 93114 | Vaults:1 | Bought the amulet of Bodaim {Spirit rElec Str+4} for 943
                  | gold pieces
 93312 | Pan      | Entered Pandemonium
 93456 | Pan      | Noticed Mennas
 93501 | Pan      | Killed Mennas
 93947 | Pan      | Found an exit through the horrors of the Abyss.
 94338 | Pan      | Identified the +5 flail "Gownegg" {flame, *Noise Str+3
                  | Int+4}
 94420 | Pan      | Noticed Hatuuvvexis the pandemonium lord
 94488 | Pan      | Killed Hatuuvvexis the pandemonium lord
 94698 | Pan      | Got a demonic rune of Zot
 94740 | Pan      | Noticed Vire Het the pandemonium lord
 94780 | Pan      | Killed Vire Het the pandemonium lord
 95172 | Pan      | Found an exit through the horrors of the Abyss.
 95465 | Pan      | Paralysed by accursed screaming for 2 turns
 95797 | Pan      | Found an exit through the horrors of the Abyss.
 95966 | Pan      | Noticed Ignacio
 95989 | Pan      | Killed Ignacio
 96113 | Pan      | Found a transporter.
 96188 | Pan      | Found a transporter.
 96693 | Pan      | Reached skill level 27 in Armour
 96795 | Pan      | Identified the amulet "Adeud" {Acrobat Will+ rCorr Str+3}
 96821 | Pan      | Identified the ring of Liberty {rF- rCorr EV+5 Slay+5}
 96992 | Pan      | Noticed Bettaorr the pandemonium lord
 97008 | Pan      | Killed Bettaorr the pandemonium lord
 97139 | Pan      | Identified the +9 falchion of Apatagh {antimagic, rElec}
 97165 | Pan      | Found a runed translucent door.
 97215 | Pan      | Found a transporter.
 97223 | Pan      | Found a transporter.
 97452 | Pan      | Found a transporter.
 97458 | Pan      | Found an exit through the horrors of the Abyss.
 97472 | Pan      | Identified the +11 spear of the Foremost Tales {venom,
                  | rCorr Str+3}
 97801 | Pan      | Identified the ring of the City {Fly Str+6}
 97850 | Pan      | Found a transporter.
 97850 | Pan      | Found a transporter.
 97984 | Pan      | Identified the +1 cloak "Bepujef" {Will- Regen+ Str+4
                  | Slay+3}
 98093 | Pan      | Entered the realm of Gloorx Vloq.
 99091 | Pan      | Noticed Gloorx Vloq
 99122 | Pan      | Killed Gloorx Vloq
 99139 | Pan      | Got a dark rune of Zot
 99367 | Pan      | Found an exit through the horrors of the Abyss.
 99451 | Pan      | Entered the realm of Mnoleg.
100594 | Pan      | Noticed Mnoleg
101100 | Pan      | Killed Mnoleg
101391 | Pan      | Got a glowing rune of Zot
101526 | Depths:2 | Escaped Pandemonium
101577 | Tar:1    | Entered Level 1 of Tartarus
102877 | Tar:5    | Reached skill level 27 in Shields
103507 | Tar:7    | Entered Level 7 of Tartarus
103923 | Tar:7    | Found the +8 lance "Wyrmbane" {slay drac, rPois rF+ rC+
                  | AC+3}
103924 | Tar:7    | Identified the +8 ring mail "Utamodoa" {rCorr}
104496 | Tar:7    | Noticed Ereshkigal
104534 | Tar:7    | Found the +8 trishula "Condemnation" {holy, anguish, *Noise
                  | Fly rN+}
104542 | Tar:7    | Got a bone rune of Zot
104543 | Tar:7    | Identified the +7 trident of Tomorrow {pain, rElec rF+
                  | Int-4 SInv}
104654 | Coc:1    | Entered Level 1 of Cocytus
104792 | Coc:2    | Paralysed by a wendigo for 1 turns
106065 | Coc:7    | Entered Level 7 of Cocytus
106227 | Coc:7    | Reached skill level 27 in Axes
106317 | Coc:7    | Paralysed by a wendigo for 1 turns
106549 | Coc:7    | Reached skill level 10 in Dodging
106573 | Coc:7    | Identified the +5 broad axe "Goasuqe" {heavy, rPois Int+5}
106791 | Coc:7    | Noticed Antaeus
106836 | Coc:7    | Killed Antaeus
106857 | Coc:7    | Got an icy rune of Zot
107409 | Geh:1    | Entered Level 1 of Gehenna
108431 | Geh:3    | Noticed a dread lich
108437 | Geh:3    | Noticed a dread lich
108437 | Geh:3    | Noticed a dread lich
108439 | Geh:3    | Noticed an ancient lich
108451 | Geh:3    | Killed a dread lich
108455 | Geh:3    | Killed a dread lich
108458 | Geh:3    | Killed an ancient lich
108573 | Geh:3    | Killed a dread lich
108577 | Geh:3    | Noticed a dread lich
108578 | Geh:3    | Noticed a dread lich
108578 | Geh:3    | Noticed a dread lich
108578 | Geh:3    | Noticed an ancient lich
108592 | Geh:3    | Killed a dread lich
108595 | Geh:3    | Killed a dread lich
108596 | Geh:3    | Killed a dread lich
108598 | Geh:3    | Killed an ancient lich
109298 | Geh:7    | Entered Level 7 of Gehenna
110490 | Geh:7    | Found the +13 sceptre of Asmodeus
110490 | Geh:7    | Noticed Asmodeus
110528 | Geh:7    | Got an obsidian rune of Zot
110870 | Dis:1    | Entered Level 1 of the Iron City of Dis
111081 | Dis:2    | Noticed an ancient lich
111092 | Dis:2    | Killed an ancient lich
112218 | Dis:4    | You fall into a shaft and drop 2 floors!
112224 | Dis:7    | Entered Level 7 of the Iron City of Dis
112294 | Dis:7    | Killed from afar by an iron giant

Illustrated notes

Levels and vault maps discovered:
D:1:      dpeg_chamrin_arrival_tetris, layout_basic
D:2:      layout_basic, uniq_robin
D:3:      kb_forest_paths, layout_basic, nicolae_dithmenos_the_darkroom,
          mainiacjoe_overflow_catwalk_spiral
D:4:      minmay_general_purpose_star, layout_rooms, overflow_temple_1_default,
          mainiacjoe_overflow_tiny_flanked, grunt_ministairs_9
D:5:      layout_loops_ring, zin_academy
D:6:      layout_rooms, uniq_duvessa, uniq_pikel, uniq_crazy_yiuf_cottage,
          uniq_maggie
D:7:      layout_gridville, mainiacjoe_overflow_small_starburst,
          nicolae_vehumet_altar_sigil, minmay_temple_entry_junction_2,
          uniq_maurice
D:8:      layout_cave_pools, due_lair_maze_entry_diamond
D:9:      layout_roguey
D:10:     layout_basic, general_overflow_altar
D:11:     dpeg_index_elf_rogue_hall, layout_basic
D:12:     layout_irregular_city, serial_ice, serial_ice_f, serial_ice_o,
          serial_ice_k, serial_ice_g
D:13:     layout_loops_ring, ebering_ghost_disaster_area, uniq_sonja,
          uniq_frances, uniq_nessos, uniq_kirke
D:14:     four-leaf_vault, layout_rooms, hellmonk_vaults_keyhole,
          okawaru_gym_becter
D:15:     hellmonk_depths_entry_around_the_bend, layout_grid_maze,
          nicolae_hydra_factorization
Temple:   nicolae_temple_bog_church
Lair:1:   layout_chaotic_city, minivault_27, chequers_serial_rivers_room_a,
          roderic_batcave, serial_bayou_crossing, serial_bayou_shore_b,
          grunt_megastairs_1
Lair:2:   layout_regular_city, serial_rivers, chequers_serial_rivers_marsh,
          chequers_serial_rivers_micro_d, chequers_serial_rivers_small_b,
          chequers_serial_rivers_micro_e, chequers_serial_rivers_micro_e,
          serial_bayou_pond_c, uniq_harold
Lair:3:   layout_regular_city, shoals_dummy_entry,
          nicolae_snake_entry_warm_welcome, pf_torpor_hydra, grunt_megastairs_4
Lair:4:   layout_cave_pods, slime_entry_2, serial_bayou_ford_a
Lair:5:   evilmike_catoblepas_cave, layout_small_grid,
          hangedman_lair_generics_rect
Shoals:1: nicolae_shoals_mermall, layout_shoals
Shoals:2: layout_shoals, serial_shops, nicolae_shop_bloodbath_and_beyond,
          gammafunk_ghost_cemetery
Shoals:3: layout_shoals, uniq_ilsuiw, uniq_polyphemus
Shoals:4: shoals_end_hangedman, layout_shoals, serial_shops, shop
Snake:1:  layout_onion, basic_altar, serial_shops, shop, minmay_shoptagon,
          nicolae_triple_integral
Snake:2:  layout_rooms, ebering_ghost_reflecting_pool, grunt_megastairs_5,
          uniq_vashnia
Snake:3:  layout_misc_corridors, serial_shops, shop, st_stairs_4,
          serial_bayou_shore_b
Snake:4:  snake_pit_salamanders_mu, layout_concentric_octagons,
          gammafunk_ghost_berserking_beasts
Slime:1:  layout_caves
Slime:2:  layout_caves, nicolae_slime_crime_time
Slime:3:  layout_caves, cheibrodos_slime_lost_civilization_6
Slime:4:  layout_caves
Slime:5:  slime_pit_nicolae_royal_road_to_ruin
Orc:1:    layout_caves
Orc:2:    pubby_orc_utopia
Elf:1:    minmay_elf_arrival_summoners, layout_geoelf_grid,
          nicolae_elf_shapeshifter_party, minmay_shop_mayhem, drop_trap,
          st_stairs_9
Elf:2:    elven_hall_of_blades_hangedman_alternative
          [mumra_blade_entry_bloodbath], layout_loops_ring, grunt_ministairs_15,
          guppyfry_elf_lava, uniq_agnes
Elf:3:    nooodl_elf_gasket, layout_geoelf_castle,
          gammafunk_ghost_wrathful_warriors, serial_shops,
          nicolae_shop_pleasant_corner_grove, uniq_aizul, uniq_boris
Vaults:1: nicolae_vaults_shipping_containers_4, nicolae_vaults_trapezoid_1,
          v_rooms_2, nicolae_vaults_network_s, v_misc_22, vaults_dpeg_hooks,
          vaults_dpeg_emergency_exit, vaults_dpeg_encased_lava,
          vaults_dpeg_ring, layout_vaults_omnigrid, serial_shops,
          nicolae_shop_mannequins, shop, shop, nicolae_shop_back_alley_shop
Vaults:2: ontoclasm_vaults_misaligned, nicolae_vaults_offset_grid_hallway_1,
          v_misc_33, v_misc_30, nicolae_vaults_heart-shaped_vault, v_misc_22,
          v_misc_27, v_misc_12, nicolae_vaults_branching_niches,
          grunt_vaults_hallway_short, nicolae_vaults_windows_and_doors_thing,
          ontoclasm_vaults_hangar, layout_vaults_ring, serial_shops, shop,
          uniq_margery
Vaults:3: nicolae_vaults_circle_grid_a, v_pattern_3, v_misc_26,
          vaults_mumra_lcd, nicolae_vaults_more_shelving_2,
          nicolae_vaults_oval_intersection, nicolae_vaults_yaktaur_gun_rack,
          vaults_mumra_minichess, nicolae_vaults_oval_intersection,
          vaults_mumra_hex, vaults_room_semicircle, nicolae_vaults_back_hallway,
          nicolae_vaults_storage_room_glass, minmay_crypt_entry_simple_sparse,
          ontoclasm_vaults_twist, nicolae_vaults_tetromino_L_2,
          nicolae_vaults_little_squares_2, hangedman_vaults_corner_blocks,
          layout_vaults_maze, serial_shops, shop
Vaults:4: nicolae_vaults_three_branches, hangedman_vaults_stitches,
          nicolae_vaults_twisting_passages, hangedman_vaults_pinch, v_misc_18,
          v_misc_9, nicolae_vaults_tetromino_T_1, nicolae_vaults_shelves_hall,
          v_misc_16, nicolae_vaults_gold_heap, nicolae_vaults_double_plus_2,
          layout_vaults_omnicross, serial_shops, shop, nicolae_shop_tiny_glass,
          uniq_jory
Vaults:5
Crypt:1:  layout_gridlike, grunt_crypt_arrival_split
Crypt:2:  cheibrodos_crypt_draghalla, layout_basic
Crypt:3:  lightli_unholy_cathedral, layout_chaotic_city,
          tomb_entry_sphere_bobbens, gammafunk_ghost_arena, grunt_ministairs_5
Tomb:1
Tomb:2
Tomb:3
Depths:1: regret_index_reflect_refract, layout_small_grid, enter_ziggurat_c,
          kennysheep_doodads, nicolae_hell_entry_big_baal_hell, serial_shops,
          kennysheep_mini, abyss_entry_crystal, grunt_ministairs_10,
          led_xom_imps
Depths:2: nicolae_moon_pools, layout_honeycomb, hell_entry, serial_rivers,
          chequers_serial_rivers_micro_e, chequers_serial_rivers_micro_e,
          chequers_serial_rivers_micro_c, chequers_serial_rivers_room_b,
          chequers_serial_rivers_micro_c, rand_demon_pan_entry_3,
          nicolae_uskayaw_suspiria, abyss_entry_flame_altar,
          hellmonk_sif_muna_bookshelves, uniq_bai_suzhen
Depths:3: kennysheep_green_arena, layout_long_grid, abyss_entry, hell_entry,
          infiniplex_staircase_zigzag_2, uniq_sojobo, uniq_josephina
Depths:4: grunt_x_marks_the_spot, layout_cross, pf_vacation_house_of_asmodeus,
          minmay_room_of_horrors, chequers_serial_rivers_marsh,
          gammafunk_ghost_grave, uniq_vv, uniq_frederick
Hell
Dis:1:    layout_regular_city
Dis:2:    layout_regular_city
Dis:3:    layout_subdivisions
Dis:4:    layout_subdivisions, nicolae_dis_metal_lava_thing
Dis:6:    layout_overlapping_boxes, nicolae_dis_scattering
Dis:7:    dis_hangedman
Geh:1:    layout_gehenna_lava_caves, lemuel_hellion_isle
Geh:2:    layout_gehenna_pools_basic
Geh:3:    layout_gehenna_pools_box, nicolae_hells_leichenhalle
Geh:4:    layout_gehenna_pools_triple, nicolae_geh_lavax
Geh:5:    layout_gehenna_pools_basic
Geh:6:    layout_gehenna_pools_box, gehenna_fire_generator,
          nicolae_geh_rippling_lava
Geh:7:    geh_old
Coc:1:    layout_ice_bergs
Coc:2:    layout_cocytus_water_paths
Coc:3:    layout_cocytus_water_paths
Coc:4:    layout_cocytus_water_paths
Coc:5:    layout_cocytus_delve, nicolae_hells_seeping_fissure
Coc:6:    layout_cocytus_delve
Coc:7:    coc_dpeg
Tar:1:    layout_grid_maze, nicolae_tar_cuneiform_two
Tar:2:    layout_grid_maze
Tar:3:    layout_grid_maze, nicolae_tar_spectre_spectrum
Tar:4:    layout_grid_maze
Tar:5:    layout_grid_maze
Tar:6:    layout_grid_maze
Tar:7:    tar_minmay_river
Zot:1:    dreamdust_zin_vs_xom, layout_basic, hangedman_zot_decor_tridents
Zot:2:    dreamdust_black_sun_cult, layout_basic, grunt_megastairs_3
Zot:3:    layout_gridlike, regret_index_zotdec_carving_tricks,
          grunt_megastairs_2
Zot:4:    layout_gridlike
Zot:5:    layout_gridlike

Skill      XL: |  1  2  3  4  5  6  7  8  9 10 11 12 13 14 15 16 17 18 19 20 21 22 23 24 25 26 27 |
---------------+----------------------------------------------------------------------------------+-----
Axes           | 3 4 5 7 10 11 13 15 16 18 27 | 27.0
Fighting       | 3 4 5 9 11 13 15 17 18 19 27 | 27.0
Armour         | 3 5 7 9 11 12 13 15 17 18 19 20 22 27 | 27.0
Invocations    | 2 7 9 13 15 | 15.0
Shields        | 2 6 8 10 12 14 15 16 17 18 19 21 27 | 27.0
Evocations     | 4 7 9 11 13 24 | 24.3
Throwing       | 5 6 |  6.0
Dodging        | 4 8 9 14 | 14.9

Action                     |  1- 3 |  4- 6 |  7- 9 | 10-12 | 13-15 | 16-18 | 19-21 | 22-24 | 25-27 || total
---------------------------+-------+-------+-------+-------+-------+-------+-------+-------+-------++-------
  Melee: War axe           |   101 |   203 |   386 |   927 |    83 |       |       |       |       ||  1700
         Broad axe         |       |       |       |   197 |  1234 |  1693 |  1856 |  1746 |  8153 || 14879
         Morningstar       |       |       |       |       |    53 |   116 |     7 |       |       ||   176
  Throw: Throwing net      |       |       |     3 |     1 |       |       |       |       |     2 ||     6
         Javelin           |       |       |     1 |     6 |       |       |       |       |       ||     7
         Dart              |       |       |     2 |     1 |       |       |       |       |     1 ||     4
 Invoke: Minor Destruction |       |       |     1 |       |       |       |       |       |       ||     1
         Lesser Servant of |       |       |       |     1 |     5 |     1 |       |       |       ||     7
         Greater Servant o |       |       |       |       |     1 |     6 |     7 |    15 |    42 ||    71
         Major Destruction |       |       |       |       |       |       |       |     1 |     1 ||     2
  Evoke: Wand              |       |       |     3 |    12 |     3 |     2 |     1 |     2 |    32 ||    55
         Lightning rod     |       |       |       |       |     5 |    12 |     5 |       |     4 ||    26
         Box of beasts     |       |       |       |       |       |     1 |       |       |     4 ||     5
         Tin of tremorston |       |       |       |       |       |       |       |     2 |     7 ||     9
         Phial of floods   |       |       |       |       |       |       |       |       |     2 ||     2
         Phantom mirror    |       |       |       |       |       |       |       |       |     1 ||     1
         Horn of Geryon    |       |       |       |       |       |       |       |       |     3 ||     3
         Figurine of a zig |       |       |       |       |       |       |       |       |     1 ||     1
    Use: Scroll            |       |     6 |    11 |    10 |    10 |     9 |     5 |    10 |    70 ||   131
         Potion            |       |       |     5 |     1 |       |     2 |     6 |     1 |    23 ||    38
   Stab: Sleeping          |     1 |       |       |       |       |       |       |       |       ||     1
         Invisible         |       |       |     2 |     3 |       |       |       |       |     2 ||     7
         Held in net/web   |       |       |       |     1 |       |       |       |       |     8 ||     9
         Petrified         |       |       |       |       |     4 |       |     8 |       |       ||    12
         Petrifying        |       |       |       |       |     2 |       |       |       |     1 ||     3
         Distracted        |       |       |       |       |     2 |     1 |     5 |     7 |    16 ||    31
         Paralysed         |       |       |       |       |     1 |       |       |       |       ||     1
         Confused          |       |       |       |       |       |       |       |     2 |     2 ||     4
 Armour: Leather armour    |    19 |       |       |       |       |       |       |       |       ||    19
         Ring mail         |    78 |   162 |   344 |   381 |       |       |       |       |       ||   965
         Acid dragon scale |       |       |       |   310 |       |       |       |       |       ||   310
         Plate armour      |       |       |       |   169 |  1037 |       |       |       |       ||  1206
         Chain mail        |       |       |       |       |   177 |  1611 |   890 |  1062 |  1579 ||  5319
         Gold dragon scale |       |       |       |       |       |       |       |       |  2540 ||  2540
  Dodge: Dodged            |    66 |   125 |   303 |   498 |   432 |   731 |   548 |   540 |  2256 ||  5499
  Block: Kite shield       |       |       |       |       |   176 |  1432 |   303 |       |       ||  1911
         Tower shield      |       |       |       |       |       |       |  1168 |  1559 | 10374 || 13101
         Reflection        |       |       |       |       |       |       |    59 |    65 |   213 ||   337

Table legend: (Time is in decaauts)
 A = Elapsed time spent in this place.
 B = Non-inter-level travel time spent in this place.
 C = Inter-level travel time spent in this place.
 D = Time resting spent in this place.
 E = Time spent auto-exploring this place.
 F = Levels seen in this place.
 G = Mean time per level.
                   A        B        C        D        E       F      G
               +--------+--------+--------+--------+--------+-----+--------+
         Total | 108584 |  96951 |  11633 |   5105 |  63731 | 117 |  928.1 |
       Dungeon |  22124 |  18624 |   3500 |   1320 |  12615 |  15 | 1474.9 |
        Temple |      1 |      1 |      0 |      0 |      0 |   1 |    1.0 |
          Lair |   6813 |   5495 |   1318 |     13 |   4402 |   5 | 1362.6 |
        Shoals |   5470 |   5060 |    410 |     29 |   3905 |   4 | 1367.5 |
     Snake Pit |   8269 |   7485 |    784 |    280 |   5345 |   4 | 2067.2 |
    Slime Pits |   1410 |   1297 |    113 |     68 |    560 |   5 |  282.0 |
  Orcish Mines |   4765 |   4070 |    695 |    589 |   1737 |   2 | 2382.5 |
   Elven Halls |   5149 |   4579 |    570 |     29 |   3103 |   3 | 1716.3 |
        Vaults |  10089 |   8083 |   2006 |    156 |   5588 |   5 | 2017.8 |
         Crypt |   4178 |   3733 |    445 |      6 |   2779 |   3 | 1392.7 |
          Tomb |   3636 |   3358 |    278 |    191 |   2220 |   3 | 1212.0 |
        Depths |   6941 |   6287 |    654 |    355 |   4504 |   4 | 1735.2 |
          Hell |   1279 |   1078 |    201 |     90 |    522 |   1 | 1279.0 |
           Dis |   1431 |   1361 |     70 |      0 |   1029 |   6 |  238.5 |
       Gehenna |   2722 |   2593 |    129 |    589 |   1050 |   7 |  388.9 |
       Cocytus |   2299 |   2184 |    115 |     33 |   1355 |   7 |  328.4 |
      Tartarus |   2573 |   2394 |    179 |    311 |   1210 |   7 |  367.6 |
           Zot |   4272 |   4113 |    159 |    220 |   2944 |   5 |  854.4 |
         Abyss |    804 |    804 |      0 |     89 |    205 |   3 |  268.0 |
   Pandemonium |  13743 |  13743 |      0 |    733 |   8355 |  17 |  808.4 |
      Ziggurat |    607 |    607 |      0 |      0 |    299 |  10 |   60.7 |
               +--------+--------+--------+--------+--------+-----+--------+

Top non-repeatable levels by time:
   Orc:2: 4010 daAuts
 Snake:4: 3064 daAuts
    D:11: 2790 daAuts
    D:15: 2749 daAuts
Vaults:1: 2648 daAuts
Depths:1: 2345 daAuts
   Elf:3: 2309 daAuts
Vaults:3: 2072 daAuts
 Snake:1: 2068 daAuts
Vaults:4: 2052 daAuts
 Crypt:3: 1855 daAuts
     D:9: 1809 daAuts
Vaults:2: 1720 daAuts
     D:8: 1702 daAuts
  Lair:3: 1693 daAuts
